 Dungeon Crawl Stone Soup version 0.29-a0-824-gd827844252 (webtiles) character file.

Game seed: 16619504634228905365

114150 wingedge the Thaumaturge (level 16, -13/122 HPs)
             Began as a Mummy Necromancer on July 10, 2022.
             Was a High Priest of Sif Muna.
             Mangled by a tengu warrior
             ... wielding a +2 dire flail
              (16 damage)
             ... on level 15 of the Dungeon on July 11, 2022.
             The game lasted 02:31:34 (29039 turns).

wingedge the Thaumaturge (Mummy Necromancer)       Turns: 29039, Time: 02:31:35

Health: -13/122    AC: 20    Str: 18    XL:     16   Next: 15%
Magic:  8/32       EV: 16    Int: 25    God:    Sif Muna [*****.]
Gold:   1504       SH:  0    Dex: 16    Spells: 5/39 levels left

rFire   . . .      SeeInvis +   b - +6 arbalest "Damnation" {damnation}
rCold   + . .      Faith    .   (shield currently unavailable)
rNeg    + + +      Spirit   .   B - +2 robe {rF+}
rPois   ∞          Reflect  .   I - +2 helmet {SInv}
rElec   .          Harm     .   E - +2 cloak
rCorr   .          Rampage  .   o - +2 pair of gloves "Amos" {Regen+ Str+7}
Will    ++...                   H - +2 pair of boots {Fly}
Stlth   +++.......              g - amulet of the acrobat
HPRegen 1.10/turn               L - +6 ring of intelligence
MPRegen 0.23/turn               m - +4 ring of protection

@: death channelling, animating dead, flying
A: cold resistance 1, negative energy resistance 3, torment resistance 2, heat
vulnerability 1, in touch with death 2, no potions
a: Renounce Religion, Channel Magic, Forget Spell, Divine Exegesis


You were on level 15 of the Dungeon.
You worshipped Sif Muna.
Sif Muna was extremely pleased with you.
You visited 3 branches of the dungeon, and saw 23 of its levels.
You also visited: Bailey and Volcano.

You collected 2372 gold pieces.
You spent 868 gold pieces at shops.

Inventory:

Hand Weapons
 a - the +8 longbow "Zephyr" {speed, Dex+3 SInv}
   (You took it off a yaktaur on level 14 of the Dungeon)

   Attacks with this weapon are significantly faster.
   Dex:       It affects your dexterity (+3).
   SInv:      It lets you see invisible.
 b - the +6 arbalest "Damnation" (weapon) {damnation}
   (You found it in a bailey)

   Any ammunition fired from it explodes in a burst of damnation on striking a
   foe, dealing damage which bypasses armour.
 d - the +5 rapier of Lehaupsa {elec, rCorr Dex+2}
   (You found it on level 11 of the Dungeon)

   It occasionally discharges a powerful burst of electricity upon striking a
   foe.
   Dex:       It affects your dexterity (+2).
   rCorr:     It protects you from acid and corrosion.
 P - the +7 mace "Ickydios" {drain, rF- rN++ Will++}
   (You took it off a skeletal warrior on level 14 of the Dungeon)

   A truly terrible weapon, it drains the life of any living foe it strikes.
   rF:        It makes you vulnerable to fire.
   rN:        It greatly protects you from negative energy.
   Will:      It greatly increases your willpower.
Armour
 h - a +0 robe of willpower
 o - the +2 pair of gloves "Amos" (worn) {Regen+ Str+7}
   (You found it on level 9 of the Dungeon)

   Str:       It affects your strength (+7).
   Regen:     It increases your rate of health regeneration.
 r - a +2 robe of cold resistance
 B - a +2 robe of fire resistance (worn)
 E - a +2 cloak (worn)
 H - a +2 pair of boots of flying (worn)
 I - a +2 helmet of see invisible (worn)
 N - the +1 robe of the Volcano {rElec Regen+ Stlth-}
   (You took it off an orc on level 12 of the Dungeon)

   rElec:     It insulates you from electricity.
   Regen:     It increases your rate of health regeneration.
   Stlth:     It makes you less stealthy.
Magical Staves
 c - a staff of earth
Jewellery
 e - an amulet of guardian spirit
 f - an amulet of regeneration
 g - an amulet of the acrobat (around neck)
 m - a +4 ring of protection (right hand)
 q - the ring of Tuuwuzocic {rF+ Int+4}
   (You acquired it on level 4 of the Lair of Beasts)

   [ring of protection from fire]

   Int:       It affects your intelligence (+4).
   rF:        It protects you from fire.
 w - a ring of willpower
 y - a ring of magical power
 z - an amulet of reflection
 K - a ring of magical power
 L - a +6 ring of intelligence (left hand)
Wands
 j - a wand of charming (11)
 l - a wand of flame (36)
 v - a wand of polymorph (1)
 A - a wand of digging (5)
 C - a wand of mindburst (17)
 D - a wand of quicksilver (10)
 G - a wand of iceblast (14)
Scrolls
 i - 4 scrolls of fog
 k - 6 scrolls of immolation
 n - 8 scrolls of teleportation
 p - 3 scrolls of enchant weapon
 s - 14 scrolls of identify
 t - 3 scrolls of silence
 u - a scroll of amnesia {unknown}
 x - 6 scrolls of vulnerability
 F - 2 scrolls of brand weapon
 M - a scroll of poison
 O - a scroll of blinking
Miscellaneous
 J - a box of beasts
 Q - a condenser vane


   Skills:
 + Level 10.2 Fighting
 - Level 6.0 Short Blades
 - Level 3.4 Maces & Flails
 * Level 11.8 Ranged Weapons
 + Level 3.5 Armour
 + Level 7.5 Dodging
 - Level 5.2 Stealth
 + Level 12.3 Spellcasting
 * Level 5.8 Conjurations
 + Level 12.0 Necromancy
 - Level 2.0 Translocations
 * Level 5.6 Earth Magic
 + Level 7.2 Invocations
 - Level 3.0 Evocations


You had 5 spell levels left.
You knew the following spells:

 Your Spells              Type           Power      Damage    Failure   Level
a - Necrotise             Necr           100%       1d9       1%          1
b - Vampiric Draining     Necr           100%       2d13      1%          3
c - Animate Dead          Necr           100%       N/A       1%          4
d - Agony                 Necr           100%       N/A       1%          5
e - Blink                 Tloc           50%        N/A       2%          2
f - Stone Arrow           Conj/Erth      88%        3d12      1%          3
g - Dispel Undead         Necr           100%       3d31      1%          4
h - Death Channel         Necr           53%        N/A       4%          6
i - Iron Shot             Conj/Erth      22%        9d5       50%         6

Your spell library contained the following spells:

 Spells                   Type           Power      Damage    Failure   Level
 Foxfire                  Conj/Fire      100%       2x1d9     1%          1
 Magic Dart               Conj           100%       1d8       1%          1
 Sandblast                Erth           86%        2d18      1%          1
 Shock                    Conj/Air       100%       1d9       1%          1
 Passwall                 Tmut/Erth      24%        N/A       1%          2
 Static Discharge         Conj/Air       29%        3-7/arc   1%          2
 Conjure Flame            Conj/Fire      29%        6-21      3%          3
 Anguish                  Hex/Necr       40%        N/A       3%          4
 Summon Small Mammal      Summ           60%        N/A       4%          1
 Lesser Beckoning         Tloc           25%        N/A       4%          3
 Mephitic Cloud           Conj/Pois/Air  25%        N/A       5%          3
 Call Imp                 Summ           15%        N/A       6%          2
 Poisonous Vapours        Pois/Air       30%        N/A       6%          2
 Scorch                   Fire           30%        2d7       6%          2
 Corpse Rot               Necr/Pois/Air  68%        N/A       8%          4
 Iskenderun's Mystic Bla  Conj/Tloc      34%        2d8       8%          4
 Call Canine Familiar     Summ           15%        N/A       12%         3
 Confusing Touch          Hex            15%        N/A       12%         3
 Ignite Poison            Fire/Tmut/Pois 15%        N/A       12%         3
 Animate Armour           Summ/Erth      58%        N/A       12%         4
 Hailstorm                Conj/Ice       29%        3d8       12%         4
 Leda's Liquefaction      Hex/Erth       14%        N/A       12%         4
 Petrify                  Tmut/Erth      29%        N/A       12%         4
 Sticky Flame             Conj/Fire      29%        2d5       12%         4
 Fireball                 Conj/Fire      14%        3d8       32%         5
 Irradiate                Conj/Tmut      14%        3d18      32%         5
 Olgreb's Toxic Radiance  Pois           15%        N/A       36%         4
 Summon Lightning Spire   Summ/Air       15%        N/A       36%         4
 Freezing Cloud           Conj/Ice/Air   12%        6-21      43%         5
 Manifold Assault         Tloc           25%        N/A       43%         5
 Summon Mana Viper        Hex/Summ       15%        N/A       73%         5
 Yara's Violent Unravell  Hex/Tmut       7%         3d5       73%         5
 Conjure Ball Lightning   Conj/Air       14%        3x3d6     88%         6
 Infestation              Necr           53%        N/A       88%         8
 Dispersal                Tloc           12%        N/A       95%         6
 Summon Cactus Giant      Summ           7%         N/A       99%         6
 Enfeeble                 Hex            7%         N/A       100%        7
 Ozocubu's Refrigeration  Ice            7%         4d6       100%        7
 Discord                  Hex            7%         N/A       100%        8
 Disjunction              Tloc           12%        N/A       100%        8
 Ignition                 Fire           7%         3d5       100%        8
 Summon Horrible Things   Summ           7%         N/A       100%        8
 Fire Storm               Conj/Fire      14%        8d4       100%        9
 Sublimation of Blood     Necr           Unusable   N/A       N/A         2
 Blade Hands              Tmut           Unusable   N/A       N/A         5

Dungeon Overview and Level Annotations

Branches:
Dungeon (15/15)            Temple (0/1) D:4            Lair (6/6) D:11
  Swamp (0/4) Lair:2       Spider (0/4) Lair:4        Slime (0/5) Lair:6
    Orc (2/2) D:11            Elf (0/3) Orc:2        Vaults (0/5) D:14
 Bailey (visited)         Volcano (visited)
 Depths: D:15

Altars:
Dithmenos
Hepliaklqana
Makhleb
Ru
Sif Muna
Trog
Uskayaw
Wu Jian
Xom
Jiyva
Lugonu

Shops:
D:3 [   D:8 *   D:10 (   Orc:2 [((!

Portals:
Abyss: Lair:6

Annotations:
D:15 1 transporter, Jouseb's ghost, journeyman TrBe


Innate Abilities, Weirdness & Mutations

You are immune to poison.
Your flesh is cold resistant. (rC+)
You are immune to negative energy. (rN+++)
You are immune to unholy pain and torment.
You are vulnerable to heat. (rF-)
You are strongly in touch with the powers of death.
You do not drink.


Message History

Sif Muna accepts your kill.
You feel life coursing into your body.
The dead are flying!
A glowing mist starts to gather...
The moth of wrath goads the tengu warrior on!
The tengu warrior goes berserk!
The two-headed ogre barely misses you. The two-headed ogre misses you.
The tengu warrior hits you with a +2 dire flail!!
The tengu warrior closely misses you. The tengu warrior claws you!
Your spectral orc knight hits the two-headed ogre.
Your spectral orc knight drains the two-headed ogre.
Casting: Vampiric Draining (safe; 1% risk of failure)
Confirm with . or Enter, or press ? or * to list all spells.
Okay, then.
Casting: Vampiric Draining (safe; 1% risk of failure)
Confirm with . or Enter, or press ? or * to list all spells.
Aiming: Vampiric Draining (safe; 1% risk of failure)
Press: ? - help, Shift-Dir - straight line, f - you That would be overly suicidal.
Okay, then.
Casting: Vampiric Draining (safe; 1% risk of failure)
Confirm with . or Enter, or press ? or * to list all spells.
Aiming: Vampiric Draining (safe; 1% risk of failure)
Press: ? - help, Shift-Dir - straight line, f - moth of wrath
Aim: a moth of wrath (moderately wounded)
You feel a strong surge of power!
You draw life force from the moth of wrath!
You feel life coursing into your body!
The tengu warrior hits you with a +2 dire flail!!
The tengu warrior barely misses you.
The tengu warrior claws you but does no damage.
The moth of wrath bites you!
* * * LOW HITPOINT WARNING * * *
The two-headed ogre hits you with a +0 giant club!!
* * * LOW HITPOINT WARNING * * *
The two-headed ogre hits you with a +0 giant club.
* * * LOW HITPOINT WARNING * * *
The two-headed ogre closely misses you.
The two-headed ogre hits you but does no damage.
The tengu warrior hits you with a +2 dire flail!
You die...

### . ...... ##..## ##......
#....#####.Z.# #
##......##.##..#≈#.##..#
##.###.......#..#≈§?)##..#..#
.#.##........#.###§§$....#..#
....+........#.ZZWZ).#...#..#
.#.##........##.ZZ§§§#O.##..#
....##........#QOO.###..#...#
##.## #.......##@y..#.###..##
## ##...#...###.©.###...#
##'###....#####....## #.#
###....©....### #Z#
###.....[## ##.## ######.#
##...## #.# ##### #.....# #.#
....# ##..#.## #.#


You could see a tengu warrior (berserk, ally target), 2 two-headed ogres, a moth
of wrath, Jouseb's ghost, a two-headed ogre zombie, a friendly spectral orc
knight, a friendly spectral tengu warrior, a friendly orc knight zombie and a
friendly tengu warrior zombie.

Vanquished Creatures
  3 orc warlords
  The ghost of coolguy69 the Blocker, a journeyman VSMo of Okawaru (Orc:1)
  A fire dragon (D:14)
  Fannar (Orc:1)
  5 hydras
  2 rakshasas
  An ogre mage (D:14)
  Erolcha (D:12)
  4 centaur warriors
  4 boulder beetles
  4 two-headed ogres
  2 tengu warriors
  4 death yaks
  3 thrashing horrors (Lair:6)
  Urug (D:11)
  The ghost of zhov the Markstengu, a journeyman TeHu of Hepliaklqana (D:12)
  Sonja (D:13)
  6 skeletal warriors
  2 deep elf zephyrmancers (D:14)
  An obsidian statue (Volcano)
  12 orc knights
  A deep elf archer (D:14)
  Pikel (D:6)
  2 lindwurms (Lair:5)
  5 manticores
  A deep elf pyromancer (D:15)
  2 orc sorcerers
  8 ugly things
  A salamander (shapeshifter) (D:14)
  A manticore (shapeshifter) (D:14)
  11 elephants
  3 smoke demons
  4 cyclopes
  8 black mambas
  10 cane toads
  An unseen horror (D:11)
  A cane toad (shapeshifter) (D:13)
  2 gargoyles
  3 rime drakes
  2 freezing wraiths
  A kobold demonologist (D:14)
  3 tengu conjurers
  8 komodo dragons
  A yaktaur (D:14)
  An ancient zyme (Lair:6)
  A red devil (Volcano)
  A meliai (Lair:4)
  7 trolls
  A hornet (D:7)
  A blink frog (shapeshifter) (D:15)
  A hornet (shapeshifter) (Lair:6)
  A queen bee (shapeshifter) (D:14)
  A tarantella (shapeshifter) (Lair:6)
  A slime creature (D:7)
  9 blink frogs
  2 dream sheep
  Sigmund (D:3)
  3 wraiths
  5 vampires
  A ynoxinul (Lair:6)
  5 wyverns
  7 fire bats (Volcano)
  31 yaks
  A spriggan (Lair:6)
  A hog (shapeshifter) (D:13)
  A chaos spawn (Lair:6)
  10 basilisks
  17 vampire mosquitoes
  2 steam dragons
  2 swamp worms (Lair:2)
  6 small abominations (Lair:6)
  11 wargs
  A hell hound (Volcano)
  4 acid dragons
  10 water moccasins
  44 orc warriors
  A sky beast (D:7)
  6 black bears
  14 ogres
  An ice beast (D:7)
  8 centaurs
  7 wolves
  5 kobold brigands
  A komodo dragon zombie (Lair:3)
  10 bullfrogs
  2 gnoll sergeants
  5 scorpions
  16 wights
  8 killer bees
  2 yak zombies (Lair:3)
  4 howler monkeys
  6 lava snakes (Volcano)
  16 jellies
  4 hounds
  17 orc priests
  Crazy Yiuf (D:6)
  A gnoll bouda (D:7)
  4 iguanas
  15 orc wizards
  Natasha (thrice) (D:2)
  5 hell rats (Lair:3)
  A boggart simulacrum (D:15)
  21 gnolls
  2 adders
  2 shadow imps
  2 white imps (D:7)
  An ufetubus (D:5)
  4 worms
  A dart slug (D:2)
  76 orcs
  5 ball pythons
  17 endoplasms
  3 giant cockroaches
  10 goblins
  7 hobgoblins
  4 jackals (D:3)
  16 kobolds
  8 quokkas
  4 bats
  4 frilled lizards
  7 rats
687 creatures vanquished.

Vanquished Creatures (collateral kills)
  Snorg (D:12)
  3 hydras
  Erica (Orc:1)
  A two-headed ogre (D:14)
  2 death yaks (Lair:5)
  2 skeletal warriors (D:14)
  An orc knight (D:12)
  3 black mambas (Lair:6)
  12 elephants (Lair:6)
  A cane toad (Lair:6)
  A torpor snail (Lair:6)
  2 smoke demons (Lair:6)
  3 komodo dragons
  A yaktaur (D:14)
  2 tengu conjurers
  Grinder (D:6)
  9 blink frogs
  2 dream sheep (Lair:6)
  A ynoxinul (Lair:6)
  11 yaks
  4 basilisks
  4 wargs (Orc:2)
  8 small abominations (Lair:6)
  A water moccasin (Lair:6)
  11 orc warriors
  6 wolves
  3 bullfrogs
  A scorpion (D:6)
  A wight (D:7)
  A killer bee (D:8)
  2 howler monkeys (D:9)
  3 jellies
  An orc priest (D:12)
  An iguana (Lair:2)
  An orc wizard (D:11)
  A hell rat (Lair:3)
  2 gnolls
  A white imp (D:7)
  21 orcs
  A ball python (D:1)
  7 endoplasms
  A kobold (D:14)
142 creatures vanquished.

Vanquished Creatures (others)
  A deep elf zephyrmancer (D:14)
  A swamp worm zombie (Lair:2)
  A boulder beetle zombie (Lair:1)
  4 elf zombies
  2 two-headed ogre zombies (D:14)
  A cane toad zombie (Lair:6)
  A sky beast (D:7)
  An orc warrior (Orc:1)
  A human zombie (Orc:1)
  A hornet zombie (Lair:6)
  5 elephant zombies (Lair:6)
  5 blink frog zombies (Lair:6)
  A kobold brigand (D:14)
  2 yaktaur zombies (D:14)
  A hell hound zombie (Volcano)
  2 water moccasin zombies (D:7)
  2 warg zombies (Orc:2)
  A spriggan zombie (Lair:6)
  9 yak zombies
  2 troll zombies (D:12)
  A bullfrog zombie (Lair:1)
  4 kobold zombies (D:14)
  3 basilisk zombies
  A jelly (Lair:6)
  3 ogre zombies
  A sky beast zombie (D:7)
  3 hound zombies
  A howler monkey zombie (D:6)
  A white imp (D:7)
  An iguana zombie (Lair:2)
  4 jelly zombies (D:7)
  8 endoplasm zombies (D:7)
  A gnoll zombie (D:9)
  A hobgoblin zombie (D:11)
  51 orc zombies
  A butterfly (D:4)
  65 fungi
  73 plants
  A withered plant (D:3)
268 creatures vanquished.

Grand Total: 1097 creatures vanquished

Notes
Turn   | Place    | Note
-------+----------+-------------------------------------------
     0 | D:1      | wingedge the Mummy Necromancer began the quest for the Orb.
     0 | D:1      | Reached XP level 1. HP: 13/13 MP: 4/4
   362 | D:1      | Reached XP level 2. HP: 17/20 MP: 1/5
  1351 | D:1      | Reached skill level 1 in Fighting
  1351 | D:1      | Gained mutation: You are in touch with the powers of death.
                  | [Mummy growth]
  1351 | D:1      | Reached XP level 3. HP: 26/26 MP: 4/7
  2236 | D:2      | Noticed Natasha
  2240 | D:2      | Killed Natasha
  2337 | D:2      | Learned a level 3 spell: Vampiric Draining
  2517 | D:2      | Reached XP level 4. HP: 32/32 MP: 2/9
  2641 | D:2      | Noticed Natasha
  2643 | D:2      | Killed Natasha
  2720 | D:2      | Noticed Natasha
  2726 | D:2      | Killed Natasha
  3371 | D:3      | Noticed Sigmund
  3373 | D:3      | Reached XP level 5. HP: 25/38 MP: 8/10
  3738 | D:3      | Found Iddixujo's Armour Shoppe.
  3897 | D:3      | Killed Sigmund
  3898 | D:3      | Reached skill level 5 in Necromancy
  3898 | D:3      | Reached XP level 6. HP: 35/46 MP: 1/12
  4028 | D:3      | Found a faded altar of an unknown god.
  4322 | D:4      | Found a burning altar of Makhleb.
  4339 | D:4      | Identified the +0 scale mail "Qoopipt" {Harm Str-5 Int+4}
  4521 | D:4      | Found a shimmering blue altar of Sif Muna.
  4532 | D:4      | Found a hazy altar of Hepliaklqana.
  4554 | D:4      | Became a worshipper of Sif Muna the Loreminder
  4897 | D:4      | Reached skill level 5 in Spellcasting
  5018 | D:4      | Reached XP level 7. HP: 52/52 MP: 0/14
  5119 | D:4      | Found an ornate altar of the Wu Jian Council.
  5505 | D:4      | Learned a level 4 spell: Animate Dead
  5511 | D:4      | Learned a level 5 spell: Agony
  5679 | D:4      | Reached * piety under Sif Muna
  5754 | D:4      | Found a staircase to the Ecumenical Temple.
  5799 | D:5      | Entered Level 5 of the Dungeon
  5938 | D:5      | Reached skill level 1 in Armour
  6123 | D:5      | Identified the +0 robe of the Forsaken Curses {rN+ Dex-3
                  | SInv Stlth+}
  6134 | D:5      | Reached XP level 8. HP: 60/60 MP: 16/16
  7326 | D:6      | Noticed Pikel
  7343 | D:6      | Killed Pikel
  7370 | D:6      | Reached skill level 5 in Fighting
  7725 | D:6      | Found a runed translucent door.
  7726 | D:6      | Noticed Crazy Yiuf
  7822 | D:6      | Reached XP level 9. HP: 68/68 MP: 13/19
  7924 | D:6      | Learned a level 2 spell: Blink
  7974 | D:6      | Reached ** piety under Sif Muna
  8204 | D:6      | Noticed Grinder
  8223 | D:6      | Paralysed by Grinder for 4 turns
  8233 | D:6      | Killed Grinder
  8234 | D:6      | Reached skill level 1 in Maces & Flails
  8510 | D:6      | Killed Crazy Yiuf
  8511 | D:6      | Reached skill level 1 in Translocations
  8901 | D:7      | Found a shimmering altar of Xom.
  9518 | D:7      | Reached XP level 10. HP: 76/76 MP: 19/21
 10217 | D:7      | Reached *** piety under Sif Muna
 10654 | D:8      | Reached skill level 1 in Conjurations
 10654 | D:8      | Reached skill level 1 in Earth Magic
 11233 | D:8      | Reached skill level 1 in Invocations
 11587 | D:8      | Found a sacrificial altar of Ru.
 11619 | D:8      | Found Foitaup's Island Escapes.
 11854 | D:9      | Noticed a boulder beetle
 12247 | D:9      | Reached skill level 5 in Stealth
 12395 | D:3      | Bought a +0 troll leather armour for 180 gold pieces
 12395 | D:3      | Bought a +2 pair of gloves for 198 gold pieces
 12576 | D:8      | Killed a boulder beetle
 12977 | D:9      | Identified the +2 pair of gloves "Amos" {Regen+ Str+7}
 13014 | D:9      | Reached **** piety under Sif Muna
 13329 | D:10     | Entered Level 10 of the Dungeon
 13346 | D:10     | Reached XP level 11. HP: 83/83 MP: 16/23
 13360 | D:10     | Found Bathefud's Weapon Boutique.
 13405 | D:10     | Learned a level 3 spell: Stone Arrow
 13565 | D:10     | Found a flagged portal.
 13582 | Bailey   | Entered a bailey
 13858 | Bailey   | Found the +6 arbalest "Damnation" {damnation}
 13981 | Bailey   | Noticed an orc knight
 14005 | Bailey   | Killed an orc knight
 14006 | Bailey   | Reached skill level 1 in Ranged Weapons
 14203 | D:10     | Noticed a six-headed hydra
 14207 | D:10     | Killed a six-headed hydra
 14427 | D:10     | Noticed a two-headed ogre
 14429 | D:10     | Killed a two-headed ogre
 14430 | D:10     | Reached skill level 5 in Ranged Weapons
 14749 | D:11     | Noticed a boulder beetle
 14756 | D:11     | Killed a boulder beetle
 15005 | D:11     | Noticed a purple ugly thing
 15012 | D:11     | Killed a purple ugly thing
 15012 | D:11     | Reached ***** piety under Sif Muna
 15061 | D:11     | Found a staircase to the Lair.
 15091 | D:11     | Identified the +5 rapier of Lehaupsa {elec, rCorr Dex+2}
 15225 | D:11     | Reached XP level 12. HP: 89/89 MP: 22/24
 15473 | D:11     | Found a staircase to the Orcish Mines.
 15491 | D:11     | Reached skill level 1 in Evocations
 15574 | D:11     | Found a shadowy altar of Dithmenos.
 15745 | Lair:1   | Entered Level 1 of the Lair of Beasts
 15757 | Lair:1   | Received a gift from Sif Muna
 15758 | Lair:1   | Got Sif Muna's Volume of the Mortuary {god gift}
 15758 | Lair:1   | Noticed a boulder beetle
 15768 | Lair:1   | Reached skill level 1 in Short Blades
 15770 | Lair:1   | Killed a boulder beetle
 16635 | Lair:2   | Found a dark tunnel.
 16644 | Volcano  | Entered a volcano
 16701 | Volcano  | Reached skill level 10 in Necromancy
 16779 | Volcano  | Found a bloodstained altar of Trog.
 17040 | Lair:2   | Noticed an eight-headed hydra
 17054 | Lair:2   | Killed an eight-headed hydra
 17340 | Lair:2   | Learned a level 4 spell: Dispel Undead
 17368 | Lair:2   | Learned a level 6 spell: Death Channel
 17401 | Lair:2   | Noticed a six-headed hydra
 17410 | Lair:2   | Killed a six-headed hydra
 17528 | Lair:2   | Found a staircase to the Swamp.
 17574 | Lair:2   | Noticed a four-headed hydra
 17581 | Lair:2   | Killed a four-headed hydra
 17582 | Lair:2   | Reached skill level 5 in Dodging
 17892 | Lair:3   | Gained mutation: You are strongly in touch with the powers
                  | of death. [Mummy growth]
 17892 | Lair:3   | Reached XP level 13. HP: 98/98 MP: 26/26
 18346 | Lair:3   | Reached skill level 10 in Spellcasting
 18390 | Lair:3   | Identified the +8 scimitar "Nynko" {distort, rN+ Int+5}
 19342 | Lair:4   | Found a hole to the Spider Nest.
 19558 | Lair:4   | Identified a scroll of acquirement
 19563 | Lair:4   | Acquired the ring of Tuuwuzocic {rF+ Int+4}
 19966 | Lair:5   | Received a gift from Sif Muna
 19990 | Lair:5   | Got Wethrod's Secrets of Baleful Leadership {god gift}
 20158 | Lair:5   | Reached skill level 5 in Invocations
 20589 | Lair:5   | Reached skill level 10 in Ranged Weapons
 21021 | Lair:6   | Entered Level 6 of the Lair of Beasts
 21051 | Lair:6   | Found a staircase to the Slime Pits.
 21052 | Lair:6   | Found a viscous altar of Jiyva.
 21075 | Lair:6   | Reached XP level 14. HP: 106/106 MP: 11/28
 21610 | Lair:6   | Reached skill level 5 in Short Blades
 21636 | Lair:6   | Found a corrupted altar of Lugonu.
 21636 | Lair:6   | Found a one-way gate to the infinite horrors of the Abyss.
 22599 | D:8      | Bought a scroll of blinking for 105 gold pieces
 22599 | D:8      | Bought a scroll of teleportation for 42 gold pieces
 22599 | D:8      | Bought a scroll of blinking for 105 gold pieces
 22599 | D:8      | Bought a scroll of teleportation for 42 gold pieces
 22682 | Orc:1    | Entered Level 1 of the Orcish Mines
 22696 | Orc:1    | Noticed Urug
 22927 | D:11     | Killed Urug
 23042 | Orc:1    | Noticed an orc warlord
 23050 | Orc:1    | Noticed Erica
 23052 | Orc:1    | Killed an orc warlord
 23155 | Orc:1    | Killed Erica
 23187 | Orc:1    | Noticed Fannar
 23198 | Orc:1    | Killed Fannar
 23372 | Orc:1    | Noticed an orc warlord
 23377 | Orc:1    | Your ally Erica died
 23382 | Orc:1    | Your ally Fannar died
 23384 | Orc:1    | Received a gift from Sif Muna
 23394 | Orc:1    | Killed an orc warlord
 23477 | Orc:1    | Got Sif Muna's Tome of Baleful Conjury {god gift}
 23573 | Orc:1    | Found a runed translucent door.
 23575 | Orc:1    | Noticed coolguy69's ghost (journeyman VSMo)
 23750 | Orc:1    | Killed coolguy69's ghost
 23861 | Orc:2    | Entered Level 2 of the Orcish Mines
 24087 | Orc:2    | Reached XP level 15. HP: 103/114 MP: 10/30
 24184 | Orc:2    | Found Xugan's Distillery.
 24184 | Orc:2    | Found Pahow's Weapon Shoppe.
 24205 | Orc:2    | Learned a level 6 spell: Iron Shot
 24362 | Orc:2    | Found a staircase to the Elven Halls.
 24633 | Orc:2    | Noticed an orc warlord
 24647 | Orc:2    | Killed an orc warlord
 24852 | Orc:2    | Found Nef Asot's Weapon Boutique.
 24852 | Orc:2    | Found Wiwna's Antique Armour Shoppe.
 24866 | Orc:2    | Bought a shimmering leather armour for 196 gold pieces
 24866 | Orc:2    | Identified the +0 leather armour "Ciam" {Stlth+} (You
                  | bought it in a shop on level 2 of the Orcish Mines)
 24897 | Orc:2    | Received a gift from Sif Muna
 24898 | Orc:2    | Got Sif Muna's Precepts of Production and Blows and Bruises
                  | {god gift}
 25267 | D:12     | Found a runed translucent gate.
 25268 | D:12     | Found a runed translucent gate.
 25269 | D:12     | Found a runed translucent gate.
 25270 | D:12     | Noticed zhov's ghost (journeyman TeHu)
 25470 | D:12     | Noticed Snorg
 25477 | D:12     | Killed Snorg
 25567 | D:12     | Identified the +1 robe of the Volcano {rElec Regen+ Stlth-}
 25609 | D:12     | Killed zhov's ghost
 25931 | D:12     | Noticed Erolcha
 25937 | D:12     | Killed Erolcha
 26406 | D:13     | Noticed Sonja
 26413 | D:13     | Killed Sonja
 27209 | D:14     | Found a shimmering blue altar of Sif Muna.
 27259 | D:14     | Reached skill level 5 in Conjurations
 27452 | D:14     | Reached skill level 5 in Earth Magic
 27482 | D:14     | Reached skill level 10 in Fighting
 27627 | D:14     | Found a gate to the Vaults.
 27803 | D:14     | Identified the +7 mace "Ickydios" {drain, rF- rN++ Will++}
 28078 | D:14     | Received a gift from Sif Muna
 28085 | D:14     | Got Sif Muna's Handbook of Ozone and Fire {god gift}
 28332 | D:14     | Reached XP level 16. HP: 108/122 MP: 4/32
 28526 | D:15     | Entered Level 15 of the Dungeon
 28895 | D:15     | Found a hide-covered altar of Uskayaw.
 28977 | D:15     | Found a bloodstained altar of Trog.
 28997 | D:15     | Found a transporter.
 29000 | D:15     | Found a transporter.
 29001 | D:15     | Noticed Jouseb's ghost (journeyman TrBe)
 29039 | D:15     | HP: 4/122 [two-headed ogre/+0 giant club (24)]
 29039 | D:15     | Mangled by a tengu warrior

Illustrated notes

Levels and vault maps discovered:
D:1:      saegor_arrival_simple_c, layout_loops_cross, dk_noncrumbling_2
D:2:      layout_basic, uniq_natasha
D:3:      layout_basic, serial_shops, nicolae_diamond_shop,
          shapermc_ecumenical_altar_flowoftime, uniq_sigmund
D:4:      layout_loops_cross, nicolae_elyvilon_peaceful_grove,
          mainiacjoe_overflow_boulevard, mainiacjoe_overflow_24_doors,
          mainiacjoe_overflow_catwalk_spiral, lemuel_temple_firewalk_b,
          kennysheep_generic_room_13
D:5:      layout_basic, serial_bayou_lagoon_a
D:6:      layout_basic, uniq_crazy_yiuf_cottage, uniq_pikel, uniq_grinder
D:7:      lemuel_slime, layout_basic, xom_confusion_cloud
D:8:      layout_cave_pools, mainiacjoe_overflow_paths, nicolae_island_escapes
D:9:      layout_cave_pools
D:10:     layout_rooms, enter_bailey_2, serial_shops, kennysheep_mini_moat
D:11:     layout_loops_ring, lair_entry_dummy, erik_orc_3,
          grunt_dithmenos_smoke_and_mirrors
D:12:     layout_stronghold, biasface_ghost_orc_armoury, uniq_snorg,
          uniq_erolcha
D:13:     layout_long_grid, uniq_sonja
D:14:     layout_roguey, hangedman_vaults_entry_quadrant_bands,
          hangedman_abyss_or_decor_lesser_grid, led_sif_book
D:15:     gammafunk_enter_depths_forms, layout_loops_corners,
          gammafunk_ghost_wrathful_warriors, hangedman_decor_lopped,
          nicolae_uskayaw_dance_hall
Lair:1:   layout_big_grid, grunt_megastairs_4
Lair:2:   layout_roguey, palyth_hydra_swamp_entry,
          nicolae_volcano_entry_lava_flow, chequers_serial_rivers_micro_d
Lair:3:   layout_small_grid, chequers_serial_rivers_micro_d, minivault_27,
          cheibrodos_lair_reptile_den, lemuel_fruit_fields
Lair:4:   layout_hall_layers, hellmonk_spider_entry_not_the_bees,
          dreamdust_mushroom_princess, lemuel_fruit_fields
Lair:5:   nzn_winding_woodlands_three_and_one
          [nzn_winding_woodlands_5x15_crooked,
          nzn_winding_woodlands_5x15_river_crossing,
          nzn_winding_woodlands_5x15_longhouse,
          nzn_winding_woodlands_center_diamonds], layout_misc_corridors,
          minivault_19
Lair:6:   hellmonk_lair_end_abyssal_woods, layout_loops_ring,
          minmay_slime_entry_jelly_boxes
Orc:1:    layout_diamond_mine, ebering_ghost_inner_flame, uniq_urug, uniq_erica,
          uniq_fannar
Orc:2:    st_orc_town, layout_caves

Skill      XL: |  1  2  3  4  5  6  7  8  9 10 11 12 13 14 15 |
---------------+----------------------------------------------+-----
Spellcasting   | 3 4 5 7 8 9 10 11 12 | 12.3
Stealth        | 2 3 4 5 |  5.2
Fighting       | 1 2 3 4 5 6 7 8 9 10 | 10.2
Dodging        | 2 3 4 5 6 7 |  7.5
Necromancy     | 5 6 7 9 10 11 12 | 12.0
Armour         | 1 2 3 |  3.5
Maces & Flails | 2 3 |  3.4
Translocations | 2 |  2.0
Conjurations   | 2 3 5 |  5.8
Earth Magic    | 2 3 5 |  5.6
Invocations    | 2 4 5 6 7 |  7.2
Ranged Weapons | 7 8 10 11 | 11.8
Evocations     | 2 3 |  3.0
Short Blades   | 2 4 5 6 |  6.0

Action                   |  1- 3 |  4- 6 |  7- 9 | 10-12 | 13-15 | 16-18 || total
-------------------------+-------+-------+-------+-------+-------+-------++-------
Melee: Spear             |    16 |    22 |       |       |       |       ||    38
       Short sword       |       |    10 |    14 |       |       |       ||    24
       Whip              |       |       |    74 |   201 |       |       ||   275
       Dagger            |       |       |    11 |       |       |       ||    11
       Punch             |       |       |     1 |     4 |     9 |       ||    14
       Rapier            |       |       |       |    87 |   276 |       ||   363
       Arbalest          |       |       |       |     1 |       |       ||     1
 Fire: Arbalest          |       |       |       |   125 |   354 |    26 ||   505
       Longbow           |       |       |       |       |    20 |     1 ||    21
Throw: Throwing net      |       |       |       |     1 |     1 |       ||     2
 Cast: Necrotise         |    86 |    65 |   106 |    33 |       |       ||   290
       Vampiric Draining |     2 |    14 |    87 |   125 |   168 |     6 ||   402
       Animate Dead      |       |       |     8 |    15 |    13 |     2 ||    38
       Agony             |       |       |     2 |    13 |    31 |       ||    46
       Stone Arrow       |       |       |       |    38 |    75 |     4 ||   117
       Blink             |       |       |       |     2 |     9 |       ||    11
       Death Channel     |       |       |       |     1 |    26 |     2 ||    29
       Dispel Undead     |       |       |       |       |     9 |     5 ||    14
Invok: Channel Magic     |       |       |     1 |     3 |    14 |       ||    18
       Divine Exegesis   |       |       |       |       |     1 |       ||     1
Evoke: Wand              |       |     3 |       |    10 |       |       ||    13
  Use: Scroll            |       |     2 |    11 |     7 |    14 |       ||    34
 Stab: Sleeping          |     3 |     2 |     2 |     3 |     1 |       ||    11
       Invisible         |       |       |     1 |       |       |       ||     1
       Distracted        |       |       |       |     2 |     2 |       ||     4
Armor: Robe              |     4 |    18 |    82 |   149 |   294 |     7 ||   554
       Scale mail        |       |       |     2 |       |       |       ||     2
       Troll leather arm |       |       |       |   130 |       |       ||   130
Dodge: Dodged            |    13 |    28 |   148 |   443 |   571 |    28 ||  1231
Block: Other             |       |       |       |       |   102 |       ||   102
       Reflection        |       |       |       |       |     1 |       ||     1

Table legend: (Time is in decaauts)
 A = Elapsed time spent in this place.
 B = Non-inter-level travel time spent in this place.
 C = Inter-level travel time spent in this place.
 D = Time resting spent in this place.
 E = Time spent auto-exploring this place.
 F = Levels seen in this place.
 G = Mean time per level.
                   A        B        C        D        E       F      G
               +--------+--------+--------+--------+--------+-----+--------+
         Total |  29208 |  27664 |   1544 |   6111 |  14799 |  25 | 1168.3 |
       Dungeon |  19766 |  18626 |   1140 |   5247 |   9109 |  15 | 1317.7 |
          Lair |   6579 |   6202 |    377 |    328 |   4543 |   6 | 1096.5 |
  Orcish Mines |   1980 |   1955 |     25 |    165 |   1147 |   2 |  990.0 |
        Bailey |    490 |    490 |      0 |    260 |      0 |   1 |  490.0 |
       Volcano |    393 |    393 |      0 |    111 |      0 |   1 |  393.0 |
               +--------+--------+--------+--------+--------+-----+--------+

Top non-repeatable levels by time:
     D:7: 1965 daAuts
     D:6: 1948 daAuts
     D:1: 1615 daAuts
     D:2: 1594 daAuts
     D:4: 1565 daAuts
    D:11: 1558 daAuts
     D:5: 1445 daAuts
  Lair:6: 1438 daAuts
     D:8: 1396 daAuts
    D:14: 1365 daAuts
   Orc:2: 1187 daAuts
     D:3: 1185 daAuts
  Lair:5: 1161 daAuts
    D:12: 1135 daAuts
  Lair:4: 1113 daAuts
